 Dungeon Crawl Stone Soup version 0.30.0-5-g1a98f26d00 (webtiles) character file.

Game seed: 6699827051578323648

562 ProzacElf the Ducker (level 7, 0/50 HPs)
             Began as a Djinni Chaos Knight on May 9, 2023.
             Was a Plaything of Xom.
             Slain by an orc
             ... wielding a +0 dagger
              (2 damage)
             ... on level 4 of the Dungeon.
             The game lasted 00:07:10 (2674 turns).

ProzacElf the Ducker (Djinni Chaos Knight)          Turns: 2674, Time: 00:07:11

Health: 0/50       AC:  6    Str: 13    XL:     7   Next: 58%
Gold:   99         EV: 13    Int: 14    God:    Xom [..*...] SH:  0 Dex: 12

rFire   + + .        b - +2 dagger (venom)
rCold   x . .        (no shield)
rNeg    . . .        j - +2 leather armour
rPois   ∞            s - +0 helmet
rElec   .            (no cloak)
rCorr   .            (no gloves)
SInv    .            (boots unavailable)
Will    .....        (no amulet)
Stlth   +            (no ring)
HPRegen 0.28/turn    (no ring)
MPRegen 0.00/turn

%: infuse magic (-1 HP)
@: flying
A: sickness immunity, fire resistance 2, cold vulnerability 1, float, innate
caster, HP casting, extra vitality 1
a: Renounce Religion


You were on level 4 of the Dungeon.
You worshipped Xom.
You were a toy of Xom.
You visited 1 branch of the dungeon, and saw 4 of its levels.

You collected 99 gold pieces.

Inventory:

Hand Weapons
 a - a +0 falchion of chaos
 b - a +2 dagger of venom (weapon)
 n - a +0 long sword
Missiles
 u - 10 poisoned darts (quivered)
 y - a silver boomerang
Armour
 i - a +0 chain mail
 j - a +2 leather armour (worn)
 p - a +0 plate armour
 r - the +0 robe "Citouxzoyka" {rC+ Str+5 Stlth+}
   (You found it on level 2 of the Dungeon)

   Str:       It affects your strength (+5).
   rC:        It protects you from cold.
   Stlth:     It makes you more stealthy.
 s - a +0 helmet (worn)
 t - a +0 scale mail of willpower
Scrolls
 d - 2 scrolls of vulnerability {unknown}
 h - 2 scrolls of blinking {unknown}
 l - 7 scrolls of identify {unknown}
 m - 2 scrolls of fear {unknown}
 o - a scroll of teleportation {unknown}
 q - a scroll of poison {unknown}
 v - a scroll of enchant armour {unknown}
 w - a scroll of immolation {unknown}
 x - a scroll of brand weapon {unknown}
Potions
 e - a potion of brilliance {unknown}
 f - 2 potions of degeneration {unknown}
 g - a potion of heal wounds
 k - 2 potions of berserk rage {unknown}
Miscellaneous
 c - a piece from Xom's chessboard (15/15)


   Skills:
 - Level 3.0 Fighting
 + Level 4.8 Long Blades
 - Level 1.0 Armour
 - Level 5.0 Dodging
 + Level 4.3 Evocations


You knew the following spells:

 Your Spells              Type           Power      Damage    Failure   Level
a - Slow                  Hex            0%         N/A       36%         1
b - Lesser Beckoning      Tloc           0%         N/A       50%         2
c - Passwall              Tmut/Erth      0%         N/A       50%         2
Your spell library was empty.

Dungeon Overview and Level Annotations

Branches:
Dungeon (4/15)
 Temple: D:4-7

Altars:
Fedhas
Nemelex Xobeh
Xom

Shops:
D:1 :


Innate Abilities, Weirdness & Mutations

You are immune to sickness and miasma.
You are immune to poison.
Your flesh is very heat resistant. (rF++)
You are vulnerable to cold. (rC-)
You float through the air rather than walking.
You learn spells naturally, not from books.
Your magical power is your life essence.
You have superior vitality. (+4 MHP)


Message History

Tha orc priest hits ye wit' a +0 whip.
Ye take 2 damage, an' haf 34/50 hp.
Ye hit tha orc priest but do nay damage.
Tha orc priest looks as sick as possible!
Tha orc priest be heavily wounded.
Tha orc priest looks bra'er fer a momn't.
Tha orc priest mumbles some strange prayers ta Beogh against ye.
Beogh smites ye!
Ye take 14 damage, an' haf 20/50 hp.
MASSIVE DAMAGE!!
Ye hit tha orc priest but do nay damage.
Tha orc priest looks as sick as possible!
Tha orc priest be heavily wounded.
Tha orc priest hits ye but does nay damage.
Tha orc priest closely misses ye.
Ye hit tha orc priest but do nay damage.
Tha orc priest looks as sick as possible!
Tha orc priest be almost dead.
Ye kill tha orc priest!
Tha orc priest invokes tha aid o' Beogh against ye.
Beogh smites ye!
* * * LOW HITPOINT WARNIN'
* * * Ye take 13 damage, an' haf 7/50 hp.
MASSIVE DAMAGE!!
Ye barely miss tha orc priest.
Tha orc priest be severely wounded.
Tha orc priest looks bra'er fer a momn't.
Tha orc hits ye wit' a +0 dagger.
* * * LOW HITPOINT WARNIN'
* * * Ye barely miss tha orc priest.
Tha orc priest be severely wounded.
Tha orc closely misses ye.
Tha orc priest hits ye wit' a +0 whip.
* * * LOW HITPOINT WARNIN'
* * * Ye take 5 damage, an' haf 2/50 hp.
Ye closely miss tha orc priest.
Tha orc priest be severely wounded.
Ye kill tha orc priest!
Ye hit tha orc.
Tha orc be poison'd.
Tha orc be severely wounded.
Tha orc hits ye wit' a +0 dagger.
Ye die... "It was aboot time."

#. #.## .#.$# .....#
......# .......#######
......)o.....#
...####@####.#
#.....##.###
#.......#...#
#.......#...### #####
....._.....#...###....
#.#.......#.###........
#.#.......#.# #........
. ##.....##.###........
. ###.####.##.........


You could see an orc (very poisoned).

Vanquished Creatures
  A hound (D:4)
  3 orc priests (D:4)
  4 orc wizards
  Robin (D:3)
  4 gnolls (D:2)
  4 adders
  6 dart slugs
  10 orcs
  5 bats
  4 endoplasms
  2 giant cockroaches (D:2)
  7 goblins
  6 hobgoblins
  3 jackals (D:3)
  3 kobolds
  4 quokkas
  3 ball pythons
  4 frilled lizards
  7 rats
81 creatures vanquished.

Vanquished Creatures (collateral kills)
  Sigmund (D:3)
  A bat (D:3)
  An endoplasm (D:3)
  A quokka (D:3)
  A kobold (D:3)
5 creatures vanquished.

Grand Total: 86 creatures vanquished

Notes
Turn   | Place    | Note
-------+----------+-------------------------------------------
     0 | D:1      | ProzacElf the Djinni Chaos Knight began the quest for the
                  | Orb.
     0 | D:1      | Reached XP level 1. HP: 20/20 MP: 0/0
    51 | D:1      | Found a faded altar of an unknown god.
    97 | D:1      | Reached XP level 2. HP: 25/25 MP: 0/0
   224 | D:1      | XOM: silly message
   330 | D:1      | Reached skill level 1 in Evocations
   446 | D:1      | Reached XP level 3. HP: 30/30 MP: 0/0
   446 | D:1      | Learned a level 1 spell: Slow
   497 | D:1      | Found Miuvept's Book Emporium.
   535 | D:1      | XOM: blink monster(s)
   780 | D:2      | Reached skill level 3 in Dodging
   784 | D:2      | Reached XP level 4. HP: 34/35 MP: 0/0
   905 | D:2      | XOM: silly message
  1086 | D:2      | XOM: scenery: summon butterflies
  1098 | D:2      | Identified the +0 robe "Citouxzoyka" {rC+ Str+5 Stlth+}
  1284 | D:2      | Reached XP level 5. HP: 40/40 MP: 0/0
  1284 | D:2      | Learned a level 2 spell: Lesser Beckoning
  1308 | D:3      | XOM: noise
  1315 | D:3      | Noticed Robin
  1325 | D:3      | Killed Robin
  1461 | D:3      | XOM: cast spell 'Disjunction'
  1875 | D:3      | Found a blossoming altar of Fedhas.
  1883 | D:3      | Noticed Sigmund
  1887 | D:3      | Killed Sigmund
  1888 | D:3      | Reached skill level 4 in Dodging
  1888 | D:3      | Reached XP level 6. HP: 46/46 MP: 0/0
  2005 | D:3      | Found a sparkling altar of Nemelex Xobeh.
  2141 | D:3      | XOM: divination: detect items
  2279 | D:3      | Reached XP level 7. HP: 34/50 MP: 0/0
  2279 | D:3      | Learned a level 2 spell: Passwall
  2345 | D:4      | XOM: divination: detect items
  2378 | D:4      | XOM: scenery: create altars
  2649 | D:4      | Reached skill level 5 in Dodging
  2672 | D:4      | HP: 2/50 [orc priest/+0 whip (5)]
  2674 | D:4      | Slain by an orc

Illustrated notes

Levels and vault maps discovered:
D:1:      tekkud_arrival_beachfront_property, layout_loops_cross,
          chequers_ecumenical_altar_island, serial_shops, nicolae_shop_trees
D:2:      layout_rooms, kennysheep_small_spiral
D:3:      layout_loops_cross, fedhas_altar_2, mainiacjoe_overflow_boulevard,
          uniq_sigmund, uniq_robin
D:4:      layout_cave_pods, old_standard_altar

Skill      XL: |  1  2  3  4  5  6  7 |
---------------+----------------------+-----
Long Blades    | 3 4 |  4.8
Evocations     | 1 2 3 4 |  4.3
Dodging        | 3 4 5 |  5.0
Fighting       | |  3.0
Armour         | |  1.0

Action                     |  1- 3 |  4- 6 |  7- 9 || total
---------------------------+-------+-------+-------++-------
  Melee: Falchion          |    24 |       |       ||    24
         Dagger            |    39 |   147 |    62 ||   248
         Punch             |     1 |     2 |     2 ||     5
 Armour: Leather armour    |    21 |    50 |    15 ||    86
  Dodge: Dodged            |    40 |    93 |    35 ||   168

Action                     |  1- 3 |  4- 6 |  7- 9 || total
---------------------------+-------+-------+-------++-------
  Melee: Falchion          |    24 |       |       ||    24
         Dagger            |    39 |   147 |    62 ||   248
         Punch             |     1 |     2 |     2 ||     5
 Armour: Leather armour    |    21 |    50 |    15 ||    86
  Dodge: Dodged            |    40 |    93 |    35 ||   168

Levels and vault maps discovered:
D:1:      tekkud_arrival_beachfront_property, layout_loops_cross,
          chequers_ecumenical_altar_island, serial_shops, nicolae_shop_trees
D:2:      layout_rooms, kennysheep_small_spiral
D:3:      layout_loops_cross, fedhas_altar_2, mainiacjoe_overflow_boulevard,
          uniq_sigmund, uniq_robin
D:4:      layout_cave_pods, old_standard_altar
